 Dungeon Crawl Stone Soup version 0.28.0 (console) character file.

Game seed: 9241216806330567182

9 Garrluk the Scratcher (level 2, 0/12 HPs)
             Began as a Felid Transmuter on Feb 12, 2022.
             Slain by a quokka (4 damage)
             ... on level 1 of the Dungeon.
             The game lasted 00:02:11 (330 turns).

Garrluk the Scratcher (Felid Transmuter)             Turns: 330, Time: 00:02:11

Health: 0/12       AC:  1    Str:  6    XL:     2   Next: 6%
Magic:  1/6        EV: 17    Int: 14    God:
Gold:   13         SH:  0    Dex: 16    Spells: 2/5 levels left
                                        Lives:  0   Deaths: 0

rFire   . . .      SeeInvis +     - Unarmed
rCold   . . .      Faith    .   (shield unavailable)
rNeg    . . .      Spirit   .   (armour unavailable)
rPois   .          Reflect  .   (helmet unavailable)
rElec   .          Harm     .   (cloak unavailable)
rCorr   .          Rampage  .   (gloves unavailable)
Will    .....                   (boots unavailable)
Stlth   +.........              (no amulet)
HPRegen 0.04/turn               (no ring)
MPRegen 0.10/turn               (no ring)

@: appendages, wereblooded, very slightly contaminated, quick
A: horns 2, very small, claws 1, fangs 3, see invisible, speed 1, shaggy fur 1,
stealthy paws, no weapons or thrown items, no armour, multi-lived
a: End Transformation


You were on level 1 of the Dungeon.
You had temporarily grown beastly horns.
You visited 1 branch of the dungeon, and saw 1 of its levels.

You collected 13 gold pieces.

Inventory:

Scrolls
 b - a scroll of vulnerability {unknown}
 e - a scroll of identify {unknown}
Potions
 a - a potion of might {unknown}
 c - a potion of attraction {unknown}
 d - a potion of flight {unknown}


   Skills:
 - Level 1.0 Fighting
 - Level 2.6 Dodging
 * Level 3.3 Unarmed Combat
 - Level 2.0 Spellcasting
 * Level 2.6 Transmutations


You had 2 spell levels left.
You knew the following spells:

 Your Spells              Type           Power      Damage    Failure   Level
a - Beastly Appendage     Tmut           16%        N/A       8%          1
b - Wereblood             Tmut           8%         N/A       12%         2

Your spell library contained the following spells:

 Spells                   Type           Power      Damage    Failure   Level
 Spider Form              Tmut/Pois      5%         N/A       38%         3
 Ice Form                 Ice/Tmut       5%         N/A       80%         4


Dungeon Overview and Level Annotations

Branches:
Dungeon (1/15)

Altars:


Innate Abilities, Weirdness & Mutations

You have temporarily grown beastly horns.
You have sharp claws.
You have razor-sharp teeth.
You have supernaturally acute eyesight. (SInv)
You cover ground quickly. (Speed+)
You are covered in fur. (AC +1)
Your paws help you pounce on unaware monsters.
You are incapable of wielding weapons or throwing items.
You cannot wear armour.
You gain extra lives every three experience levels.


Message History

Memorise Wereblood, consuming 2 spell levels and leaving 2?
You start memorising the spell.
You continue memorising. x2
You finish memorising.
Spell assigned to 'b'.
Your transformation is almost over.
You open the door. 2 hobgoblins come into view.
A ball python comes into view.
There is an open door here.
Casting: Beastly Appendage (safe; 8% risk of failure)
Confirm with . or Enter, or press ? or * to list all spells.
Your blood is infused with primal strength.
The hobgoblin shouts! x2; You hear an angry hiss.
You barely miss the hobgoblin.
You bite the hobgoblin, but do no damage.
Your horns disappear.
The hobgoblin closely misses you.
A quokka comes into view.
You scratch the hobgoblin.
The hobgoblin is almost dead.
The hobgoblin closely misses you.
Casting: Wereblood (safe; 12% risk of failure)
Confirm with . or Enter, or press ? or * to list all spells.
You miscast Beastly Appendage.
You are very lightly contaminated with residual magic.
Nothing appears to happen.
The hobgoblin closely misses you.
A ball python comes into view.
You barely miss the hobgoblin.
The hobgoblin is almost dead.
The quokka closely misses you. The hobgoblin barely misses you.
The ball python hisses angrily.
Casting: Beastly Appendage (safe; 8% risk of failure)
Confirm with . or Enter, or press ? or * to list all spells.
You grow a pair of large bovine horns.
The quokka completely misses you. The quokka bites you.
You scratch the quokka.
The quokka is severely wounded.
The quokka closely misses you.
You miss the quokka.
The quokka is severely wounded.
The quokka bites you.
You die...

#....#.#.#..#
#.####...#...
#.#########.#
######........
#..........###
#..........########
#.....)....#.......
#..........#.......
#...(......#.......
#..................
#........Sg@.......
#########.#r#######
#..g# ###S#
...............
..............S
..........#####
...........
............
.............
..............


You could see a quokka, 2 hobgoblins and 2 ball pythons.

Vanquished Creatures
  A bat (D:1)
  A goblin (D:1)
  3 hobgoblins (D:1)
  A kobold (D:1)
  A ball python (D:1)
  A frilled lizard (D:1)
8 creatures vanquished.

Notes
Turn   | Place    | Note
-------+----------+-------------------------------------------
     0 | D:1      | Garrluk the Felid Transmuter began the quest for the Orb.
     0 | D:1      | Reached XP level 1. HP: 9/9 MP: 4/4
   305 | D:1      | Reached XP level 2. HP: 4/12 MP: 3/6
   312 | D:1      | Learned a level 2 spell: Wereblood
   330 | D:1      | Slain by a quokka

Illustrated notes

Levels and vault maps discovered:
D:1:      minmay_arrival_five_plusses, layout_basic, lexackson_kobold_supper

Action                   || total
-------------------------++-------
Melee: Unarmed           ||    25
       Bite              ||     5
       Headbutt          ||     2
       Punch             ||     1
 Cast: Beastly Appendage ||     7
       Wereblood         ||     1
Dodge: Dodged            ||    18
